 Dungeon Crawl Stone Soup version 0.18.1-5-g4a78601 (webtiles) character file.

737 Mefis the Magician (level 7, -1/36 HPs)
             Began as a Deep Elf Wizard on May 15, 2016.
             Slain by an ogre
             ... wielding a cursed +0 giant club
              (26 damage)
             ... on level 4 of the Dungeon.
             The game lasted 00:12:37 (5438 turns).

Mefis the Magician (Deep Elf Wizard)                Turns: 5438, Time: 00:12:38

Health: -1/36      AC:  6    Str:  4    XL:     7   Next: 46%
Magic:  0/17       EV: 13    Int: 25    God:
Gold:   293        SH:  4    Dex: 13    Spells: 7 memorised, 2 levels left

rFire  + . .     SeeInvis .     y - +0 dagger
rCold  . . .     Gourm    .     M - +0 robe {rF+}
rNeg   . . .     Faith    .     k - +0 buckler
rPois  .         Spirit   .     i - +2 helmet
rElec  .         Dismiss  .     G - +0 cloak
rCorr  .         Reflect  .     (no gloves)
SustAt .         Harm     .     (no boots)
MR     .....                    (no amulet)
Stlth  +++.......               (no ring)
                                (no ring)

@: not resistant to hostile enchantments, fairly stealthy
A: no striking features
a: no special abilities


You were on level 4 of the Dungeon.
You were not hungry.

You visited 1 branch of the dungeon, and saw 5 of its levels.

You collected 293 gold pieces.

Inventory:

Hand Weapons
 v - a +2 vampiric short sword
 y - a +0 dagger (weapon)
Missiles
 e - 52 arrows
 m - 30 sling bullets
 A - 2 throwing nets (quivered)
 D - 17 poisoned needles
Armour
 a - a +0 robe
 b - a +0 hat
 i - a +2 helmet (worn)
 k - a +0 buckler (worn)
 G - a +0 cloak (worn)
 M - a +0 robe of fire resistance (worn)
Jewellery
 K - a +1 ring of protection {unknown}
Scrolls
 f - 2 scrolls of random uselessness {unknown}
 g - 4 scrolls of teleportation {unknown}
 h - 2 scrolls of noise {unknown}
 p - a scroll of remove curse {unknown}
 r - 4 scrolls of identify {unknown}
 u - 2 scrolls of enchant weapon {unknown}
 x - 4 scrolls of fog {unknown}
 C - a scroll of immolation {unknown}
 F - a scroll of fear {unknown}
 H - a scroll of amnesia {unknown}
Potions
 j - a potion of might {unknown}
 n - a potion of agility {unknown}
 o - a potion of mutation {unknown}
 q - 2 potions of brilliance {unknown}
 s - 2 potions of heal wounds {unknown}
 t - a potion of curing {unknown}
 z - 2 potions of degeneration {unknown}
 B - a potion of lignification {unknown}
 E - a potion of invisibility {unknown}
 I - a potion of ambrosia {unknown}
Books
 c - a book of Minor Magic

   Spells                             Type                      Level
   a - Magic Dart                     Conjuration                  1
   b - Blink                          Translocation                2
   c - Call Imp                       Summoning                    2
   d - Repel Missiles                 Charms/Air                   2
   e - Slow                           Hexes                        2
   f - Conjure Flame                  Conjuration/Fire             3
   g - Mephitic Cloud                 Conjuration/Poison/Air       3
Comestibles
 d - 7 bread rations
 l - a beef jerky
 w - 3 meat rations
 J - 4 fruits
 L - a slice of pizza


   Skills:
 + Level 4.3 Dodging
 + Level 4.4 Stealth
 + Level 2.2 Shields
 + Level 5.9 Spellcasting
 + Level 4.1 Conjurations
 + Level 2.8 Summonings
 - Level 1.1 Translocations
 + Level 2.4 Fire Magic
 + Level 2.2 Poison Magic


You had 2 spell levels left.
You knew the following spells:

 Your Spells              Type           Power        Failure   Level  Hunger
a - Magic Dart            Conj           ####         1%          1    None
b - Call Imp              Summ           ###.....     6%          2    None
c - Blink                 Tloc           N/A          10%         2    None
d - Repel Missiles        Chrm/Air       #.....       17%         2    None
e - Mephitic Cloud        Conj/Pois/Air  ###.....     12%         3    #......
f - Conjure Flame         Conj/Fire      ###.....     10%         3    #......
g - Slow                  Hex            #.......     17%         2    None


Dungeon Overview and Level Annotations

Branches:
Dungeon (5/15)
 Temple: D:4-7

Altars:
Ashenzari
Cheibriados
Gozag
Nemelex Xobeh
Xom
Zin


Message History

The magic dart hits the ogre.
The ogre is heavily wounded.
The ogre hits you with a giant club! The ogre hits you with a giant club.
You climb upwards.
There is a stone staircase leading down here.
You hit the ogre.
The ogre is heavily wounded.
You block the ogre's attack.
You see here a hand axe.
Casting: Magic Dart
Confirm with . or Enter, or press ? or * to list all spells.
A beastly little devil appears in a puff of flame.
The ogre closely misses you.
Casting: Call Imp
Confirm with . or Enter, or press ? or * to list all spells.
A beastly little devil appears in a puff of flame.
The ogre hits you with a giant club!!
Ouch! That really hurt!
You die...

#.# ##### ### #.#
#####...####### ##.## #.#
..............########.#.##
#.#
###..>....##...#[.....###.##
#.# ##.......)...........##
##.####.#
##.......##...#5##.##
##.....#
###.#...#####.##O###.##
##......# ....#...####.>[#@#
##.###.#####.#
####.........#...# ##.#.##
###.# #..#.####..5### ##.##
##.#.# #.#........## #.#
##.#..# #####...).....#
#.###.###.# ....##........#
#....## ##. ..............#
#.###.###.# ###.##........#
#.# ##.#..# ###.##..).....#
#.# ##.#.#


You could see an ogre and 2 friendly crimson imps.

Vanquished Creatures
  2 scorpions
  A howler monkey (D:5)
  2 hounds (D:4)
  An orc priest (D:4)
  6 orc wizards
  4 worker ants
  8 gnolls
  7 adders
  2 dart slugs
  3 giant geckos
  9 orcs
  4 giant cockroaches
  5 goblins
  4 hobgoblins
  17 jackals
  A quokka (D:2)
  2 ball pythons
  9 bats
  4 giant newts
  8 kobolds
  10 rats
109 creatures vanquished.

Vanquished Creatures (collateral kills)
  A crimson imp (D:4)
  A gnoll (D:2)
  A goblin (D:2)
  A jackal (D:2)
  A quokka (D:2)
5 creatures vanquished.

Grand Total: 114 creatures vanquished

Notes
Turn   | Place    | Note
--------------------------------------------------------------
     0 | D:1      | Mefis the Deep Elf Wizard began the quest for the Orb.
     0 | D:1      | Reached XP level 1. HP: 10/10 MP: 7/7
   391 | D:1      | Reached XP level 2. HP: 15/15 MP: 7/9
   658 | D:1      | You fall through a shaft!
   793 | D:2      | Learned a level 2 spell: Call Imp
   796 | D:2      | Learned a level 2 spell: Blink
   799 | D:2      | Learned a level 2 spell: Repel Missiles
   928 | D:1      | Reached XP level 3. HP: 19/19 MP: 9/11
  1045 | D:2      | Learned a level 3 spell: Mephitic Cloud
  1058 | D:2      | Found a glowing silver altar of Zin.
  1281 | D:2      | Noticed an angel
  1397 | D:2      | Found a shimmering altar of Xom.
  1654 | D:2      | Reached skill level 5 in Spellcasting
  1654 | D:2      | Reached XP level 4. HP: 24/24 MP: 8/13
  1659 | D:2      | Learned a level 3 spell: Conjure Flame
  2258 | D:3      | Reached skill level 1 in Fire Magic
  2603 | D:3      | Found a sparkling altar of Nemelex Xobeh.
  2670 | D:3      | Reached skill level 1 in Shields
  2866 | D:3      | Reached XP level 5. HP: 28/28 MP: 10/14
  3020 | D:3      | Found a snail-covered altar of Cheibriados.
  3022 | D:3      | Found an opulent altar of Gozag.
  3730 | D:4      | Reached skill level 1 in Poison Magic
  3881 | D:4      | Reached XP level 6. HP: 32/32 MP: 5/16
  3912 | D:4      | Learned a level 2 spell: Slow
  4799 | D:4      | Reached XP level 7. HP: 36/36 MP: 9/17
  4938 | D:5      | Entered Level 5 of the Dungeon
  5239 | D:5      | Found a shattered altar of Ashenzari.
  5438 | D:4      | Slain by an ogre

Skill      XL: |  1  2  3  4  5  6  7 |
---------------+----------------------+-----
Conjurations   | 2 3 4 |  4.1
Dodging        | 3 4 |  4.3
Stealth        | 3 4 |  4.4
Spellcasting   | 5 |  5.9
Fire Magic     | 1 2 |  2.4
Shields        | 1 2 |  2.2
Poison Magic   | 1 2 |  2.2
Summonings     | 2 |  2.8
Translocations | |  1.1

Action                   |  1- 3 |  4- 6 |  7- 9 || total
-------------------------+-------+-------+-------++-------
Melee: Unarmed           |     5 |       |       ||     5
       Dagger            |       |    19 |     8 ||    27
 Cast: Magic Dart        |    85 |   190 |    42 ||   317
       Call Imp          |     1 |       |     5 ||     6
       Blink             |     1 |       |     1 ||     2
       Mephitic Cloud    |       |     7 |     5 ||    12
       Conjure Flame     |       |     3 |       ||     3
       Repel Missiles    |       |     1 |       ||     1
 Stab: Confused          |       |     1 |     2 ||     3
  Eat: Chunk             |     1 |    11 |     2 ||    14
Armor: Robe              |    17 |    11 |     7 ||    35
Dodge: Dodged            |    30 |    46 |    24 ||   100
       Deflected         |       |     1 |     1 ||     2
Block: Buckler           |       |       |     4 ||     4
